 Dungeon Crawl Stone Soup version 0.30-a0-802-gb92711bcdf (webtiles) character file.

Game seed: 1331164863755872040

4487 cheesebisquit the Severer (level 10, -7/78 HPs)
             Began as a Minotaur Fighter on Feb 22, 2023.
             Was an Initiate of Qazlal.
             Killed by nerve-wracking pain
             ... invoked by an orc priest
              (14 damage)
             ... on level 8 of the Dungeon on Feb 23, 2023.
             The game lasted 00:29:31 (7494 turns).

cheesebisquit the Severer (Minotaur Fighter)        Turns: 7494, Time: 00:29:31

Health: -7/78      AC: 12    Str: 32    XL:     10   Next: 16%
Magic:  9/9        EV:  7    Int:  5    God:    Qazlal [......]
Gold:   373        SH: 13    Dex:  9    Spells: 9/9 levels left

rFire   . . .      SeeInvis .    a - +0 war axe
rCold   . . .      Faith    .    N - +0 kite shield
rNeg    . . .      Spirit   .    I - +0 chain mail
rPois   .          Reflect  +    (helmet restricted)
rElec   .          Harm     .    (no cloak)
rCorr   .          Rampage  .    q - +2 pair of gloves
Will    .....                    (no boots) Stlth
                                 b - amulet of reflection
HPRegen 0.33/turn                k - ring of wizardry
MPRegen 0.11/turn                y - +6 ring of strength

@: about to teleport
A: horns 2, retaliatory headbutt
a: Renounce Religion


You were on level 8 of the Dungeon.
You worshipped Qazlal.
Qazlal was noncommittal.
You visited 2 branches of the dungeon, and saw 9 of its levels.
You also visited: Ossuary.

You collected 436 gold pieces.
You spent 63 gold pieces at shops.

Inventory:

Hand Weapons
 a - a +0 war axe (weapon)
 p - a +2 hand axe of flaming
Missiles
 m - 39 poisoned darts (quivered)
 B - a boomerang
 G - a curare-tipped dart
 H - a throwing net
Armour
 q - a +2 pair of gloves (worn)
 I - a +0 chain mail (worn)
 N - a +0 kite shield (worn)
Jewellery
 b - an amulet of reflection (around neck)
 e - an amulet of faith
 k - a ring of wizardry (left hand)
 y - a +6 ring of strength (right hand)
Wands
 r - a wand of flame (23)
 u - a wand of charming (28)
 x - a wand of roots (4)
Scrolls
 d - a scroll of fear
 n - a scroll of teleportation
 s - a scroll of blinking {unknown}
 v - a scroll of amnesia
 w - a scroll of enchant armour
 A - a scroll of magic mapping {unknown}
 C - a scroll of poison {unknown}
 D - a scroll of enchant weapon {unknown}
 E - a scroll of silence
 J - a scroll of torment {unknown}
 K - a scroll of vulnerability
 L - a scroll of fog {unknown}
 M - a scroll of noise {unknown}
Potions
 f - 3 potions of mutation
 g - 2 potions of attraction
 h - 2 potions of invisibility
 i - 3 potions of flight
 j - a potion of degeneration {unknown}
 l - 3 potions of resistance
 o - 4 potions of curing
 t - a potion of haste {unknown}
 z - a potion of brilliance {unknown}
 F - 2 potions of heal wounds {unknown}


   Skills:
 - Level 3.9 Fighting
 * Level 17.1 Axes
 - Level 3.9 Armour
 - Level 3.9 Shields


You had 9 spell levels left.
You didn't know any spells.
Your spell library contained the following spells:

 Spells                   Type           Power      Damage    Failure   Level
 Magic Dart               Conj           0%         1d3       94%         1
 Shock                    Conj/Air       0%         1d3       94%         1
 Call Imp                 Summ           0%         N/A       98%         2
 Mephitic Cloud           Conj/Pois/Air  0%         N/A       100%        3
 Swiftness                Air            0%         N/A       100%        3
 Tukima's Dance           Hex            0%         N/A       100%        3
 Airstrike                Air            0%         2d(0-16)  100%        4
 Passage of Golubria      Tloc           0%         N/A       100%        4
 Yara's Violent Unravell  Hex/Tmut       0%         3d3       100%        5


Dungeon Overview and Level Annotations

Branches:
Dungeon (8/15)             Temple (1/1) D:6         Ossuary (visited)
   Lair: D:8-11

Altars:
Ashenzari
Dithmenos
Elyvilon
Fedhas
Gozag
Hepliaklqana
Makhleb
Nemelex Xobeh
Okawaru
Qazlal
Ru
Sif Muna
Trog
Uskayaw
Vehumet
Wu Jian
Xom
Zin
The Shining One

Shops:
D:2 [


Innate Abilities, Weirdness & Mutations

You have a pair of horns on your head.
You reflexively headbutt those who attack you in melee.


Message History

The wyvern is heavily wounded.
You slash the killer bee!
You kill the killer bee!
Qazlal accepts your kill. You block the wyvern's attack.
The orc priest mumbles some strange prayers to Beogh against you.
Beogh smites you!
You slice the wyvern!!
You kill the wyvern!
Qazlal accepts your kill.
The killer bee stings you but does no damage.
The orc barely misses you.
You slash the killer bee! Your headbutt misses the killer bee.
The killer bee is almost dead.
The killer bee stings you but does no damage.
You hit the killer bee.
You kill the killer bee!
Qazlal accepts your kill. The orc barely misses you.
Found a wand of flame (21).
The orc hits you but does no damage.
The orc priest invokes the aid of Beogh against you.
Beogh smites you!
* * * LOW HITPOINT WARNING * * *
You barely miss the orc. The orc hits you but does no damage.
The orc priest calls down the wrath of Beogh upon you.
Beogh smites you!
* * * LOW HITPOINT WARNING * * *
Okay, then.
As you read the scroll of fear, it crumbles to dust.
You assume a fearsome visage.
The orc priest looks frightened!
The orc looks frightened! x2; The killer bee looks frightened! x2
Cornered, the killer bee turns to fight! x2
As you read the scroll of teleportation, it crumbles to dust.
You feel strangely unstable.
Cornered, the orc turns to fight!
Cornered, the orc priest turns to fight!
The orc attacks as you move away! You block the orc's attack. x2
You see here a killer bee corpse.
The orc priest invokes the aid of Beogh against you.
Pain shoots through your body!
You die... .# .# #. .# ... .# ###.. .# yy.

.# ###o# ##
###...# #
##..o### #
#.@### #
#.## # ##.#
# .. #..# #
... #.## #
#.# ###.# #
#.#####..)#
#
#.##....###
# #.#..####


You could see a killer bee, an orc priest and an orc.

Vanquished Creatures
  Maggie (D:7)
  2 wyverns
  A steam dragon (D:6)
  Eustachio (D:4)
  Edmund (D:5)
  2 water moccasins
  2 sky beasts (D:6)
  2 black bears
  3 ice beasts
  An ogre (D:6)
  2 centaurs (D:5)
  2 phantoms (D:6)
  2 elf zombies (Ossuary)
  2 kobold brigands
  2 gnoll sergeants
  A bullfrog (D:7)
  4 scorpions
  2 necrophages
  3 wights (D:7)
  6 killer bees (D:8)
  4 jellies
  A centaur zombie (Ossuary)
  6 hounds
  An orc priest (D:4)
  A gnoll bouda (D:7)
  Terence (D:2)
  3 iguanas
  5 orc wizards
  3 mummies
  10 adders
  12 gnolls
  4 ufetubi
  An adder zombie (Ossuary)
  6 dart slugs
  41 orcs
  5 ball pythons
  6 endoplasms
  3 giant cockroaches
  9 goblins
  8 hobgoblins
  2 jackals (D:2)
  7 bats
  2 frilled lizards
  3 goblin zombies
  8 hobgoblin zombies (Ossuary)
  2 jackal zombies (Ossuary)
  13 kobolds
  13 kobold zombies
  6 orc zombies (Ossuary)
  6 rats
  A rat zombie (Ossuary)
235 creatures vanquished.

Vanquished Creatures (others)
  6 plants
6 creatures vanquished.

Grand Total: 241 creatures vanquished

Notes
Turn   | Place    | Note
-------+----------+-------------------------------------------
     0 | D:1      | cheesebisquit the Minotaur Fighter began the quest for the
                  | Orb.
     0 | D:1      | Reached XP level 1. HP: 19/19 MP: 0/0
   164 | D:1      | Reached XP level 2. HP: 26/27 MP: 1/1
   556 | D:1      | Reached skill level 3 in Axes
   774 | D:2      | Reached XP level 3. HP: 33/33 MP: 2/2
   850 | D:2      | Noticed Terence
   858 | D:2      | Killed Terence
   859 | D:2      | Reached skill level 4 in Axes
   952 | D:2      | Found Plog's Armour Shoppe.
  1052 | D:2      | Reached XP level 4. HP: 40/40 MP: 3/3
  1148 | D:2      | Found a faded altar of an unknown god.
  1371 | D:3      | Reached skill level 5 in Axes
  1441 | D:3      | Found a hide-covered altar of Uskayaw.
  1442 | D:3      | Found an opulent altar of Gozag.
  1444 | D:3      | Found a glowing golden altar of the Shining One.
  1447 | D:3      | Found a shimmering blue altar of Sif Muna.
  1447 | D:3      | Found a bloodstained altar of Trog.
  1448 | D:3      | Found a shadowy altar of Dithmenos.
  1725 | D:3      | Found a broken altar of Ashenzari.
  1745 | D:3      | Reached skill level 6 in Axes
  1745 | D:3      | Reached XP level 5. HP: 5/46 MP: 4/4
  1977 | D:4      | Noticed Eustachio
  1990 | D:4      | Killed Eustachio
  1991 | D:4      | Reached skill level 7 in Axes
  1991 | D:4      | Reached XP level 6. HP: 41/52 MP: 5/5
  2497 | D:4      | Reached skill level 8 in Axes
  2598 | D:4      | Found a sand-covered staircase.
  2602 | Ossuary  | Entered an ossuary
  2779 | Ossuary  | Reached skill level 9 in Axes
  2779 | Ossuary  | Reached XP level 7. HP: 50/58 MP: 6/6
  3517 | D:5      | Entered Level 5 of the Dungeon
  3529 | D:5      | Noticed Edmund
  3544 | D:5      | Killed Edmund
  3545 | D:5      | Reached skill level 10 in Axes
  3687 | D:5      | Reached skill level 11 in Axes
  3687 | D:5      | Reached XP level 8. HP: 59/66 MP: 7/7
  4146 | D:5      | Reached skill level 12 in Axes
  4597 | D:5      | Reached skill level 13 in Axes
  4755 | D:6      | Reached XP level 9. HP: 62/71 MP: 8/8
  4785 | D:6      | Reached skill level 14 in Axes
  4858 | D:6      | Found a hazy altar of Hepliaklqana.
  4861 | D:6      | Identified the +1 robe of the Beloved Tuna {Regen+}
  4883 | D:6      | Found a staircase to the Ecumenical Temple.
  5211 | D:6      | Found a sparkling altar of Nemelex Xobeh.
  5680 | D:7      | Reached skill level 15 in Axes
  5699 | D:7      | Noticed Maggie
  5712 | D:7      | Killed Maggie
  5918 | D:7      | Reached skill level 16 in Axes
  6470 | D:6      | Reached XP level 10. HP: 78/78 MP: 9/9
  6726 | D:7      | Upgraded the game from 0.30-a0-800-g7c544603b3 to
                  | 0.30-a0-802-gb92711bcdf
  6794 | Temple   | Entered the Ecumenical Temple
  6941 | Temple   | Became a worshipper of Qazlal Stormbringer
  7090 | D:2      | Bought a +0 kite shield for 63 gold pieces
  7484 | D:8      | Reached skill level 17 in Axes
  7494 | D:8      | Killed from afar by an orc priest

Illustrated notes

Levels and vault maps discovered:
D:1:      moated_graveyard_arrival, layout_basic, serial_corexii_hall,
          corexii_hall_statues_l, corexii_hall_statues_x
D:2:      layout_rooms, serial_shops, nicolae_shop_hallway_plus,
          shapermc_ecumenical_altar_petra, grunt_ministairs_7, uniq_terence
D:3:      layout_basic, mainiacjoe_overflow_chevrons, grunt_temple_overflow_open
D:4:      layout_basic, nicolae_ossuary_entry_giza, minivault_14, minmay_bent,
          uniq_eustachio
D:5:      layout_gridville, minmay_fractal_squares_gapless_5, uniq_edmund
D:6:      kb_forest_paths, layout_loops_corners, nemelex_dance_club_becter,
          lemuel_coloured_pillars_altar, minmay_temple_entry_large_hall
D:7:      layout_cave_pods, kennysheep_generic_room_16, uniq_maggie
D:8:      layout_rooms, uniq_grum
Temple:   chequers_temple_sunken

Skill      XL: |  1  2  3  4  5  6  7  8  9 10 |
---------------+-------------------------------+-----
Axes           | 3 4 6 7 9 11 13 16 17 | 17.1
Fighting       | |  3.9
Armour         | |  3.9
Shields        | |  3.9

Action                     |  1- 3 |  4- 6 |  7- 9 | 10-12 || total
---------------------------+-------+-------+-------+-------++-------
  Melee: War axe           |    66 |   174 |   297 |    46 ||   583
         Headbutt          |     9 |    17 |    53 |     6 ||    85
    Use: Potion            |       |     2 |     1 |     4 ||     7
         Scroll            |       |     3 |     5 |     6 ||    14
 Armour: Scale mail        |    32 |    60 |    81 |       ||   173
         Chain mail        |       |       |    40 |    27 ||    67
  Dodge: Dodged            |    31 |    58 |    98 |     8 ||   195
  Block: Buckler           |    13 |    26 |    76 |     4 ||   119
         Kite shield       |       |       |       |    41 ||    41

Table legend: (Time is in decaauts)
 A = Elapsed time spent in this place.
 B = Non-inter-level travel time spent in this place.
 C = Inter-level travel time spent in this place.
 D = Time resting spent in this place.
 E = Time spent auto-exploring this place.
 F = Levels seen in this place.
 G = Mean time per level.
                   A        B        C        D        E       F      G
               +--------+--------+--------+--------+--------+-----+--------+
         Total |   7563 |   6949 |    614 |    237 |   5294 |  10 |  756.3 |
       Dungeon |   6953 |   6373 |    580 |    231 |   4932 |   8 |  869.1 |
        Temple |    221 |    187 |     34 |      0 |    180 |   1 |  221.0 |
       Ossuary |    388 |    388 |      0 |      6 |    182 |   1 |  388.0 |
               +--------+--------+--------+--------+--------+-----+--------+

Top non-repeatable levels by time:
     D:4: 1297 daAuts
     D:5: 1198 daAuts
     D:6: 1136 daAuts
     D:7: 1011 daAuts
     D:1: 779 daAuts
     D:2: 658 daAuts
     D:3: 629 daAuts
 Ossuary: 388 daAuts
     D:8: 242 daAuts
  Temple: 221 daAuts
